 Dungeon Crawl Stone Soup version 0.21-a0-584-g185da8e (webtiles) character file.

37 Amnesiac the Chiller (level 3, -3/22 HPs)
             Began as a Deep Elf Ice Elementalist on Dec 21, 2017.
             Killed from afar by Sigmund (8 damage)
             ... with a wand of flame (23)
             ... on level 2 of the Dungeon.
             The game lasted 00:03:01 (886 turns).

Amnesiac the Chiller (Deep Elf Ice Elementalist)     Turns: 886, Time: 00:03:02

Health: -3/22      AC:  2    Str:  5    XL:     3   Next: 21%
Magic:  4/9        EV: 13    Int: 20    God:
Gold:   27         SH:  0    Dex: 15    Spells: 4/8 levels left

rFire    . . .     SeeInvis .   e - +3 hunting sling
rCold    . . .     Gourm    .   (no shield)
rNeg     . . .     Faith    .   a - +0 robe
rPois    .         Spirit   .   (no helmet)
rElec    .         Reflect  .   (no cloak)
rCorr    .         Harm     .   (no gloves)
MR       .....                  (no boots)
Stlth    ++........             (no amulet)
HPRegen  0.07/turn              (no ring)
MPRegen  0.11/turn              (no ring)

@: no status effects
A: no striking features
a: no special abilities


You were on level 2 of the Dungeon.
You were not hungry.

You visited 1 branch of the dungeon, and saw 2 of its levels.

You collected 27 gold pieces.

Inventory:

Hand Weapons
 e - a +3 hunting sling (weapon)
Missiles
 h - 23 stones (quivered)
Armour
 a - a +0 robe (worn)
Scrolls
 f - a scroll of remove curse {!r, unknown}
 g - 3 scrolls of teleportation {!r, unknown}
 i - a scroll of identify {!r, unknown}
 j - a scroll of fear {!r, unknown}
 l - a scroll of fog {!r, unknown}
 m - a scroll of magic mapping {!r, unknown}
Potions
 k - a potion of brilliance {!q, unknown}
Books
 b - a book of Frost

   Spells                             Type                      Level
   a - Freeze                         Ice                          1
   b - Throw Frost                    Conjuration/Ice              2
   c - Ozocubu's Armour               Charms/Ice                   3
   d - Throw Icicle                   Conjuration/Ice              4
   e - Summon Ice Beast               Ice/Summoning                4
Comestibles
 c - 2 rations
 d - 2 chunks of flesh


   Skills:
 * Level 2.4 Fighting
 + Level 2.4 Dodging
 - Level 2.4 Stealth
 - Level 3.0 Spellcasting
   Level 1.1 Conjurations
 + Level 3.2 Ice Magic


You had 4 spell levels left.
You knew the following spells:

 Your Spells              Type           Power        Failure   Level  Hunger
a - Freeze                Ice            ###.         3%          1    None
b - Ozocubu's Armour      Chrm/Ice       #.......     22%         3    ###....


Dungeon Overview and Level Annotations

Branches:
Dungeon (2/15)

Altars:
Zin

Annotations:
D:2 Sigmund


Message History

h - 24 stones (gained 1)
Found a stone staircase leading down and a stone staircase leading up.
g - 3 scrolls labeled LYONGU YTIDA MIA {!r} (gained 1) Some of the chunks of flesh in your inventory have rotted away.
HP restored.
Sigmund the Dreaded comes into view.
He is wielding a scythe.
You now have 27 gold pieces (gained 7).
Firing (i - inventory):
h - 24 stones (quivered)
Press: ? - help, Shift-Dir - straight line, f - Sigmund
Aim: Sigmund, wielding a scythe and wearing a robe (resting)
You shoot a stone. The stone hits Sigmund.
Sigmund shouts!
Sigmund is lightly wounded.
Sigmund gestures at you while chanting. You resist with some effort.
Unknown command.
You aren't carrying any pieces of jewellery.
Unknown command.
Wear which item? (? for menu, Esc to quit)
Okay, then.
You start waiting.
Sigmund zaps a wand.
The puff of flame hits you!
It is a wand of flame (23).
Cast which spell? (? or * to list)
Aiming: Freeze
Press: ? - help, Shift-Dir - straight line, f/p - Sigmund
Aim: Sigmund, wielding a scythe, wearing a robe and carrying a wand of flame (23)
You freeze Sigmund.
Sigmund is lightly wounded.
Sigmund points at you and mumbles some strange words.
The puff of flame hits you!
* * * LOW HITPOINT WARNING * * *
Casting: Freeze
Confirm with . or Enter, or press ? or * to list all spells.
Aiming: Freeze
Press: ? - help, Shift-Dir - straight line, f/p - Sigmund
Aim: Sigmund, wielding a scythe, wearing a robe and carrying a wand of flame (23) (lightly wounded)
You freeze Sigmund.
Sigmund is heavily wounded.
Sigmund barely misses you.
Casting: Freeze
Confirm with . or Enter, or press ? or * to list all spells.
Aiming: Freeze
Press: ? - help, Shift-Dir - straight line, f/p - Sigmund
Aim: Sigmund, wielding a scythe, wearing a robe and carrying a wand of flame (23) (heavily wounded)
You freeze Sigmund.
Sigmund is severely wounded.
Casting: Freeze
Confirm with . or Enter, or press ? or * to list all spells.
Aiming: Freeze
Press: ? - help, Shift-Dir - straight line, f/p - Sigmund
Aim: Sigmund, wielding a scythe, wearing a robe and carrying a wand of flame (23) (severely wounded)
You freeze Sigmund.
Sigmund is severely wounded.
Sigmund hits you with a scythe.
* * * LOW HITPOINT WARNING * * *
Casting: Freeze
Confirm with . or Enter, or press ? or * to list all spells.
Aiming: Freeze
Press: ? - help, Shift-Dir - straight line, f/p - Sigmund
Aim: Sigmund, wielding a scythe, wearing a robe and carrying a wand of flame (23) (severely wounded)
You freeze Sigmund.
Sigmund is severely wounded.
Sigmund zaps a wand.
The puff of flame hits you!
You die...

#######...###.###.#
................#
#####...###.#####
#.......#.#
#.##..#...###
#.##..#.###.#####.#
....><..........@.#
##.###.####.@######
#.#.....@....#
.........###.##
.#.#.....# # ..#
#..#..# .. ....#..#
#.#.##..# #.#. ...#
##.#


You could see Sigmund.

Vanquished Creatures
  A dart slug (D:1)
  A leopard gecko (D:1)
  A giant cockroach (D:1)
  4 goblins
  6 hobgoblins
  3 jackals (D:1)
  3 kobolds
  4 bats (D:1)
  2 frilled lizards (D:1)
  5 rats (D:1)
30 creatures vanquished.

Notes
Turn   | Place    | Note
-------+----------+-------------------------------------------
     0 | D:1      | Amnesiac the Deep Elf Ice Elementalist began the quest for the Orb.
     0 | D:1      | Reached XP level 1. HP: 10/10 MP: 6/6
   165 | D:1      | Reached skill level 1 in Fighting
   200 | D:1      | Reached XP level 2. HP: 12/16 MP: 2/8
   609 | D:1      | Reached XP level 3. HP: 21/21 MP: 6/9
   773 | D:2      | Learned a level 3 spell: Ozocubu's Armour
   804 | D:2      | Found a glowing silver altar of Zin.
   870 | D:2      | Noticed Sigmund
   886 | D:2      | Killed from afar by Sigmund

Vault maps used:
D:1:      tarquinn_simple_flora_water_a
D:2:      lemuel_round_altar, lemuel_zombie_altar_yredelemnul, first_ration,
          uniq_sigmund

Skill      XL: |  1  2 |
---------------+-------+-----
Fighting       | 1 2 |  2.4
Dodging        | |  2.4
Stealth        | |  2.4
Spellcasting   | |  3.0
Conjurations   | |  1.1
Ice Magic      | |  3.2

Action                   || total
-------------------------++-------
Melee: Unarmed           ||     1
 Fire: Hunting sling     ||    12
 Cast: Freeze            ||    44
Armor: Robe              ||     5
Dodge: Dodged            ||    27

Table legend:
 A = Spawn XP
 B = Non-spawn XP
 C = Spawn XP percentage of total XP
 D = Spawn monster count
 E = Non-spawn monster count
 F = Spawn count percentage of total count
 G = Total turns spent on level
                    A         B        C        D         E        F      G
               +---------+---------+-------+---------+---------+-------+---------
         Total |       0 |      53 |   0.0 |       0 |      30 |   0.0 |   886
               +---------+---------+-------+---------+---------+-------+---------
           D:1 |       0 |      46 |   0.0 |       0 |      26 |   0.0 |   763
           D:2 |       0 |       7 |   0.0 |       0 |       4 |   0.0 |   123
               +---------+---------+-------+---------+---------+-------+---------
